 Dungeon Crawl Stone Soup version 0.27.0-1-g7a089689b8 (webtiles) character file.

Game seed: 10038748500882368540

9888 Gnirx the Geomancer (level 11, -1/69 HPs)
             Began as a Gargoyle Earth Elementalist on Aug 13, 2021.
             Was a Priest of Sif Muna.
             Slain by an eight-headed hydra (11 damage)
             ... on level 1 of the Lair of Beasts.
             The game lasted 00:33:10 (12160 turns).

Gnirx the Geomancer (Gargoyle Earth Elementalist)  Turns: 12160, Time: 00:33:10

Health: -1/69      AC: 17    Str: 12    XL:     11   Next: 53%
Magic:  19/22      EV: 15    Int: 26    God:    Sif Muna [***...]
Gold:   536        SH:  0    Dex: 10    Spells: 15/25 levels left

rFire    . . .     SeeInvis .   S - +0 dire flail
rCold    . . .     Faith    .   (shield currently unavailable)
rNeg     + . .     Spirit   .   G - +1 robe of Ywofud {Will- Int+7 Stlth+}
rPois    ∞         Reflect  .   s - +0 helmet
rElec    +         Harm     .   W - +0 cloak
rCorr    .         Rampage  .   (no gloves)
Will     .....                  (no boots)
Stlth    +++.......             t - amulet of regeneration
HPRegen  1.21/turn              f - +4 ring of evasion
MPRegen  0.18/turn              Q - +4 ring of protection

@: about to teleport
A: sickness immunity, AC +8, negative energy resistance 1, electricity
resistance, torment resistance 1, petrification resistance
a: Renounce Religion, Channel Magic, Forget Spell


You were on level 1 of the Lair of Beasts.
You worshipped Sif Muna.
Sif Muna was most pleased with you.
You visited 3 branches of the dungeon, and saw 11 of its levels.

You collected 536 gold pieces.

Inventory:

Hand Weapons
 d - a +0 dagger
 e - a +0 short sword
 m - a +0 flail
 S - a +0 dire flail (weapon)
Missiles
 z - 5 boomerangs
 I - 103 stones
 N - 206 arrows
Armour
 b - a +0 robe
 h - a +0 pair of boots
 s - a +0 helmet (worn)
 y - a +0 kite shield
 G - the +1 robe of Ywofud (worn) {Will- Int+7 Stlth+}
   (You took it off an orc on level 5 of the Dungeon)

   Int:       It affects your intelligence (+7).
   Will:      It decreases your willpower.
   Stlth:     It makes you more stealthy.
 K - the +27 Lear's hauberk
   (You found it on level 6 of the Dungeon)
 M - +0 steam dragon scales
 W - a +0 cloak (worn)
Magical Staves
 g - a staff of conjuration
 Y - a staff of death
Jewellery
 f - a +4 ring of evasion (left hand)
 p - a +6 ring of strength
 t - an amulet of regeneration (around neck)
 C - a ring of flight
 Q - a +4 ring of protection (right hand)
Wands
 v - a wand of iceblast (8)
 E - a wand of paralysis (10)
 F - a wand of flame (30)
 V - a wand of acid (15)
Scrolls
 i - a scroll of fog
 j - 3 scrolls of magic mapping
 k - 3 scrolls of teleportation
 x - 2 scrolls of immolation {unknown}
 A - a scroll of noise {unknown}
 B - 2 scrolls of brand weapon
 H - 2 scrolls of enchant armour
 L - a scroll of vulnerability
 O - a scroll of holy word
 X - a scroll of blinking {unknown}
Potions
 a - 5 potions of curing
 c - 2 potions of haste
 l - a potion of ambrosia {unknown}
 n - 5 potions of heal wounds
 o - a potion of mutation {unknown}
 q - 2 potions of berserk rage
 r - 4 potions of lignification
 u - 3 potions of brilliance
 w - 2 potions of resistance {unknown}
 D - 2 potions of flight
 J - a potion of attraction
 P - a potion of degeneration {unknown}
 R - a potion of might {unknown}
 U - 4 potions of cancellation
Miscellaneous
 T - a lightning rod (4/4)


   Skills:
 + Level 8.9 Fighting
 + Level 7.7 Maces & Flails
 - Level 1.5 Dodging
 - Level 2.1 Stealth
 + Level 7.8 Spellcasting
 - Level 0.7 Transmutations
 * Level 13.3 Earth Magic


You had 15 spell levels left.
You knew the following spells:

 Your Spells              Type           Power      Damage    Failure   Level
a - Sandblast             Erth           100%       2d20      1%          1
b - Stone Arrow           Conj/Erth      88%        3d12      1%          3
c - Passwall              Tmut/Erth      38%        N/A       1%          2
d - Petrify               Tmut/Erth      46%        N/A       3%          4

Your spell library contained the following spells:

 Spells                   Type           Power      Damage    Failure   Level
 Freeze                   Ice            40%        1d6       6%          1
 Shock                    Conj/Air       40%        1d5       6%          1
 Ensorcelled Hibernation  Hex/Ice        20%        N/A       9%          2
 Slow                     Hex            10%        N/A       9%          2
 Spider Form              Tmut/Pois      6%         N/A       16%         3
 Confusing Touch          Hex            10%        N/A       17%         3
 Frozen Ramparts          Ice            20%        1d4       17%         3
 Swiftness                Air            10%        N/A       17%         3
 Airstrike                Air            5%         N/A       50%         4
 Hailstorm                Conj/Ice       10%        3d5       50%         4
 Yara's Violent Unravell  Hex/Tmut       6%         3d5       80%         5
 Summon Forest            Summ/Tloc      5%         N/A       85%         5
 Eringya's Noxious Bog    Tmut/Pois      6%         N/A       100%        6
 Shadow Creatures         Summ           N/A        N/A       100%        6
 Summon Hydra             Summ           5%         N/A       100%        7


Dungeon Overview and Level Annotations

Branches:
Dungeon (9/15)             Temple (1/1) D:4            Lair (1/6) D:9
    Orc (0/2) D:9

Altars:
Ashenzari
Cheibriados
Dithmenos
Elyvilon
Fedhas
Gozag
Hepliaklqana
Kikubaaqudgha
Makhleb
Nemelex Xobeh
Okawaru
Qazlal
Ru
Sif Muna
Trog
Uskayaw
Vehumet
Wu Jian
Xom
Yredelemnul
Zin
The Shining One

Annotations:
D:3 1 runed translucent door, Crazy Yiuf, Natasha


Innate Abilities, Weirdness & Mutations

You are immune to sickness and miasma.
Your stone body is resilient. (AC +8)
You are immune to poison.
You resist negative energy. (rN+)
You are resistant to electric shocks. (rElec)
You are resistant to unholy torment.
You are immune to petrification.


Message History

Aim: an eight-headed hydra (94% to hit)
The blast of sand hits the eight-headed hydra!
The eight-headed hydra is lightly wounded.
The eight-headed hydra barely misses you.
The eight-headed hydra misses you. The eight-headed hydra bites you. x2
The eight-headed hydra barely misses you.
The eight-headed hydra bites you but does no damage.
The eight-headed hydra misses you.
The eight-headed hydra completely misses you.
Aiming: Sandblast (safe; 1% risk of failure)
Press: ? - help, Q - select action, (/) - cycle Shift-Dir - straight line, f/p - eight-headed hydra
Aim: an eight-headed hydra (lightly wounded, 94% to hit)
The blast of sand hits the eight-headed hydra!
The eight-headed hydra is moderately wounded.
The eight-headed hydra bites you.
The eight-headed hydra closely misses you.
The eight-headed hydra bites you! The eight-headed hydra misses you.
The eight-headed hydra completely misses you.
The eight-headed hydra bites you.
The eight-headed hydra bites you but does no damage.
The eight-headed hydra barely misses you.
The eight-headed hydra bites you but does no damage.
The eight-headed hydra closely misses you.
The eight-headed hydra bites you!
* * * LOW HITPOINT WARNING * * *
The eight-headed hydra barely misses you.
The eight-headed hydra bites you but does no damage.
The eight-headed hydra bites you.
* * * LOW HITPOINT WARNING * * *
The eight-headed hydra bites you but does no damage.
The eight-headed hydra bites you.
* * * LOW HITPOINT WARNING * * *
You can't see any enemies this would affect, really read the scroll of holy word?
Okay, then.
As you read the scroll of teleportation, it crumbles to dust.
You feel strangely unstable.
The eight-headed hydra bites you but does no damage.
The eight-headed hydra barely misses you.
The eight-headed hydra bites you!
You die...

# #### ###
##...###.#######
..##.....##.....@..##
.#..........#####D..##
.........# ##....#
##......# ####.....#
##.##....# ##........#
#†###..#.##.........#...
##...## .#...............
#.....####..#.....#......
.......##.........#......


You could see an eight-headed hydra.

Vanquished Creatures
  A two-headed ogre (D:9)
  An ugly thing (D:8)
  Maurice (D:8)
  A rime drake (Lair:1)
  2 komodo dragons (Lair:1)
  3 trolls
  4 blink frogs (Lair:1)
  6 wyverns
  3 steam dragons
  A hornet zombie (D:8)
  4 orc warriors
  5 water moccasins
  7 sky beasts
  2 black bears (D:9)
  7 wolves
  An ogre (D:5)
  A phantom (D:6)
  5 centaurs
  3 kobold brigands
  2 bullfrogs
  5 scorpions
  2 wyvern skeletons
  A vampire bat (Lair:1)
  4 wights (D:7)
  4 electric eels (D:7)
  A howler monkey (D:9)
  3 bullfrog zombies
  4 centaur zombies
  3 hounds
  A centaur skeleton (D:4)
  2 gnoll shamans
  4 orc priests
  Jessica (D:3)
  Natasha (twice) (D:3)
  Ijyb (D:4)
  An iguana (D:4)
  4 orc wizards
  A hound zombie (D:5)
  A howler monkey zombie (D:8)
  Robin (D:3)
  A howler monkey skeleton (D:6)
  9 gnolls
  8 adders
  A white imp (D:5)
  An ufetubus (D:4)
  A worm (D:2)
  2 dart slugs
  22 orcs
  4 ball pythons
  4 endoplasms
  A giant cockroach (D:4)
  13 hobgoblins
  8 jackals
  12 bats
  A frilled lizard (D:2)
  12 goblins
  29 kobolds
  4 rats
239 creatures vanquished.

Vanquished Creatures (others)
  A wight (D:7)
  A fungus (Lair:1)
  24 plants
26 creatures vanquished.

Grand Total: 265 creatures vanquished

Notes
Turn   | Place    | Note
-------+----------+-------------------------------------------
     0 | D:1      | Gnirx the Gargoyle Earth Elementalist began the quest for
                  | the Orb.
     0 | D:1      | Reached XP level 1. HP: 10/10 MP: 3/3
   213 | D:1      | Reached skill level 4 in Earth Magic
   564 | D:1      | Reached XP level 2. HP: 15/15 MP: 5/5
   597 | D:1      | Found a faded altar of an unknown god.
  1554 | D:2      | Reached skill level 1 in Fighting
  1688 | D:2      | Reached XP level 3. HP: 10/20 MP: 4/6
  2737 | D:3      | Reached XP level 4. HP: 26/26 MP: 5/8
  3153 | D:3      | Noticed Jessica
  3159 | D:3      | Killed Jessica
  3262 | D:3      | Reached XP level 5. HP: 31/31 MP: 6/9
  3312 | D:2      | Reached skill level 1 in Maces & Flails
  3312 | D:2      | Reached skill level 5 in Earth Magic
  3363 | D:3      | Found a white marble altar of Elyvilon.
  3524 | D:3      | Found a runed translucent door.
  3525 | D:3      | Noticed Crazy Yiuf
  3603 | D:3      | Found an iron altar of Okawaru.
  3706 | D:3      | Noticed Robin
  3834 | D:3      | Killed Robin
  4266 | D:3      | Noticed Natasha
  4277 | D:3      | Killed Natasha
  4278 | D:3      | Reached XP level 6. HP: 30/37 MP: 5/11
  4562 | D:3      | Found a stormy altar of Qazlal.
  4566 | D:3      | Noticed Natasha
  4871 | D:2      | Learned a level 3 spell: Stone Arrow
  4874 | D:2      | Learned a level 2 spell: Passwall
  4884 | D:3      | Killed Natasha
  5082 | D:3      | Noticed Natasha
  5110 | D:4      | Noticed Ijyb
  5119 | D:4      | Killed Ijyb
  5338 | D:4      | Found a hide-covered altar of Uskayaw.
  5432 | D:4      | Found a staircase to the Ecumenical Temple.
  5442 | Temple   | Entered the Ecumenical Temple
  5963 | D:5      | Entered Level 5 of the Dungeon
  6143 | D:5      | Reached skill level 6 in Earth Magic
  6143 | D:5      | Reached XP level 7. HP: 38/41 MP: 12/12
  6526 | D:5      | Reached skill level 7 in Earth Magic
  6595 | D:5      | Found a shimmering blue altar of Sif Muna.
  6627 | D:5      | Reached XP level 8. HP: 45/48 MP: 14/14
  6648 | D:5      | Became a worshipper of Sif Muna the Loreminder
  6688 | D:5      | Identified the +1 robe of Ywofud {Will- Int+7 Stlth+}
  7114 | D:5      | Noticed a troll
  7137 | D:5      | Reached skill level 5 in Fighting
  7137 | D:5      | Reached skill level 8 in Earth Magic
  7153 | D:5      | Killed a troll
  7156 | D:5      | Reached skill level 5 in Spellcasting
  7294 | D:5      | Found an opulent altar of Gozag.
  7544 | D:6      | Reached XP level 9. HP: 54/54 MP: 14/16
  7667 | D:6      | Found a bloodstained altar of Trog.
  7774 | D:6      | Reached skill level 9 in Earth Magic
  7793 | D:6      | Reached * piety under Sif Muna
  8010 | D:6      | Learned a level 4 spell: Petrify
  8031 | D:6      | Noticed a troll
  8054 | D:6      | Killed a troll
  8191 | D:6      | Found the +27 Lear's hauberk
  8347 | D:6      | Found a shimmering altar of Xom.
  8347 | D:6      | Noticed an angel
  8348 | D:6      | Found a glowing silver altar of Zin.
  8374 | D:6      | Reached skill level 5 in Maces & Flails
  8944 | D:7      | Reached skill level 10 in Earth Magic
  9736 | D:8      | Reached XP level 10. HP: 61/61 MP: 19/19
  9894 | D:8      | Noticed a green ugly thing
  9907 | D:8      | Killed a green ugly thing
  9908 | D:8      | Reached skill level 11 in Earth Magic
  9995 | D:8      | Noticed Maurice
 10023 | D:8      | Killed Maurice
 10136 | D:8      | Reached ** piety under Sif Muna
 10451 | D:9      | Found a staircase to the Orcish Mines.
 10791 | D:9      | Noticed a two-headed ogre
 10801 | D:9      | Reached skill level 12 in Earth Magic
 10907 | D:9      | Noticed a two-headed ogre
 11023 | D:9      | Killed a two-headed ogre
 11024 | D:9      | Reached XP level 11. HP: 28/68 MP: 16/21
 11163 | D:9      | Found a radiant altar of Vehumet.
 11285 | D:9      | Found a staircase to the Lair.
 11682 | Lair:1   | Entered Level 1 of the Lair of Beasts
 11803 | Lair:1   | Reached *** piety under Sif Muna
 11907 | Lair:1   | Reached skill level 13 in Earth Magic
 12149 | Lair:1   | Noticed an eight-headed hydra
 12160 | Lair:1   | Slain by an eight-headed hydra

Illustrated notes

Levels and vault maps discovered:
D:1:      psy_arrival_heroes, layout_basic, basic_ecumenical_altar
D:2:      layout_basic, serial_bayou_pond_d, st_stairs_6, minmay_pentomino_x2
D:3:      layout_basic, nicolae_elyvilon_peaceful_grove, general_overflow_altar,
          mainiacjoe_overflow_small_starburst, uniq_crazy_yiuf_cottage,
          uniq_jessica, uniq_natasha, uniq_robin
D:4:      layout_loops_ring, mainiacjoe_overflow_alcove_2,
          minmay_temple_entry_grid, uniq_ijyb
D:5:      minmay_chambers_of_fours, layout_cave_pools,
          mainiacjoe_overflow_brackets, mainiacjoe_overflow_alcove_4
D:6:      layout_loops_ring, grunt_temple_overflow_order_and_chaos_1,
          mainiacjoe_overflow_24_doors, hellmonk_guarded_unrand_lears
D:7:      layout_loops_ring, hex_tiny, serial_bayou_lake_a
D:8:      layout_rooms, small_chamber_with_monster, uniq_maurice
D:9:      layout_rooms, marbit_many_paths, minmay_lair_entry_grove,
          hangedman_misty_isle
Temple:   nicolae_temple_hex_pool
Lair:1:   layout_misc_corridors, roderic_batcave, minmay_lair_oklob_bushes,
          nicolae_quartered_pool_medium

Skill      XL: |  1  2  3  4  5  6  7  8  9 10 11 |
---------------+----------------------------------+-----
Earth Magic    | 4 5 6 7 8 10 12 13 | 13.3
Fighting       | 1 2 3 4 5 6 8 |  8.9
Spellcasting   | 3 4 5 6 7 |  7.8
Maces & Flails | 1 2 3 4 5 7 |  7.7
Dodging        | |  1.5
Stealth        | |  2.1
Transmutations | |  0.7

Action                   |  1- 3 |  4- 6 |  7- 9 | 10-12 || total
-------------------------+-------+-------+-------+-------++-------
Melee: Unarmed           |     7 |       |       |       ||     7
       Short sword       |    90 |    34 |       |       ||   124
       Dagger            |     5 |       |       |       ||     5
       Flail             |       |   162 |   380 |    20 ||   562
       Dire flail        |       |       |       |   329 ||   329
 Cast: Sandblast         |    25 |    35 |    35 |    73 ||   168
       Stone Arrow       |       |     4 |    13 |       ||    17
  Use: Scroll            |       |     1 |     8 |     8 ||    17
       Potion            |       |     1 |       |       ||     1
 Stab: Sleeping          |     3 |     1 |     2 |     5 ||    11
       Distracted        |       |       |     2 |     1 ||     3
Armor: Robe              |    34 |    79 |   189 |   229 ||   531
Dodge: Dodged            |   110 |   245 |   376 |   358 ||  1089
